 Dungeon Crawl Stone Soup version 0.26.0-20-g3ca415f5b8 (webtiles) character file.

Game seed: 711417767561075056

369 pokeman the Magician (level 6, -5/35 HPs)
             Began as a Deep Elf Hedge Wizard on Jan 24, 2021.
             Killed from afar by an orc wizard (8 damage)
             ... with a puff of frost
             ... on level 3 of the Dungeon.
             The game lasted 00:06:26 (3442 turns).

pokeman the Magician (Deep Elf Hedge Wizard)        Turns: 3442, Time: 00:06:27

Health: -5/35      AC:  3    Str:  7    XL:     6   Next: 41%
Magic:  1/18       EV: 12    Int: 21    God:
Gold:   139        SH:  0    Dex: 14    Spells: 8/19 levels left

rFire    . . .     SeeInvis .   m - +0 scythe
rCold    . . .     Faith    .   (shield currently unavailable)
rNeg     . . .     Spirit   .   p - +0 leather armour
rPois    .         Reflect  .   c - +0 hat
rElec    .         Harm     .   (no cloak)
rCorr    .         Rampage  .   (no gloves)
Will     .....                  (no boots)
Stlth    ++........             (no amulet)
HPRegen  0.11/turn              (no ring)
MPRegen  0.16/turn              (no ring)

@: no status effects
A: no striking features
a: no special abilities


You were on level 3 of the Dungeon.
You visited 1 branch of the dungeon, and saw 3 of its levels.

You collected 139 gold pieces.

Inventory:

Hand Weapons
 m - a +0 scythe (weapon)
Armour
 c - a +0 hat (worn)
 p - a +0 leather armour (worn)
Wands
 b - a wand of polymorph (12)
Scrolls
 d - 5 scrolls of identify {unknown}
 i - 6 scrolls of remove curse {unknown}
 j - a scroll of enchant armour {unknown}
 n - a scroll of teleportation {unknown}
 o - 2 scrolls of immolation {unknown}
 s - a scroll of enchant weapon {unknown}
 t - a scroll of random uselessness {unknown}
Potions
 a - a potion of brilliance {unknown}
 e - 2 potions of lignification {unknown}
 f - a potion of invisibility {unknown}
 g - a potion of heal wounds {unknown}
 h - a potion of might {unknown}
 k - 3 potions of curing {unknown}
 l - a potion of magic {unknown}
 q - a potion of degeneration {unknown}
 r - a potion of haste {unknown}


   Skills:
 - Level 2.0 Fighting
 - Level 2.0 Armour
 + Level 2.7 Dodging
 - Level 2.4 Stealth
 * Level 7.1 Spellcasting
 + Level 3.3 Conjurations
 - Level 1.1 Summonings
 - Level 1.1 Translocations
 + Level 0.6 Fire Magic


You had 8 spell levels left.
You knew the following spells:

 Your Spells              Type           Power        Failure   Level
a - Magic Dart            Conj           84%          3%          1
b - Mephitic Cloud        Conj/Pois/Air  12%          24%         3
c - Call Imp              Summ           12%          12%         2
d - Blink                 Tloc           N/A          12%         2
e - Conjure Flame         Conj/Fire      15%          17%         3

Your spell library contained the following spells:

 Spells                   Type           Power        Failure   Level
 Slow                     Hex            7%           19%         2


Dungeon Overview and Level Annotations

Branches:
Dungeon (3/15)

Altars:
Dithmenos
Uskayaw


Message History

Your shadow imp gestures at the hobgoblin.
Something writhes in agony!
Something closely misses your shadow imp.
An orc wizard appears from thin air!
Reactivating autopickup.
Something hits your shadow imp.
Casting: Call Imp (safe; 12% risk of failure)
Confirm with . or Enter, or press ? or * to list all spells.
A beastly little devil appears in a puff of frigid air.
The hobgoblin closely misses you.
Your shadow imp hits the orc wizard.
The orc wizard closely misses your shadow imp. x2
Your shadow imp gestures at the orc wizard.
The orc wizard writhes in agony!
The orc wizard dies!
The orc wizard hits your shadow imp but does no damage.
Your shadow imp gestures at the orc wizard.
The orc wizard struggles to resist.
The orc wizard gestures at you while chanting.
The puff of frost hits you!
You die...

########## #......... ...
#.########### #.. #(#####
#...
#.#########(....####...
#.#...@...#............
#.#.###.g>.............
#.#.#<..#.#.#.###........
#.#.#.#.#.#.#.# #........
#.#.#.#.#.#5#.# #........
#.#.....#o#)#.###........
#.#...###.#5.............
#.#...#...#.#.###........
#.#..†......#.# #.#######


You could see an orc wizard (fast) and a hobgoblin.

Vanquished Creatures
  Sigmund (D:2)
  An orc priest (D:3)
  An orc wizard (D:3)
  4 adders
  4 gnolls (D:3)
  2 dart slugs
  2 leopard geckos
  3 orcs (D:3)
  9 bats
  3 giant cockroaches (D:3)
  6 goblins
  6 hobgoblins
  4 jackals (D:2)
  A quokka (D:3)
  A ball python (D:1)
  2 frilled lizards (D:2)
  5 kobolds
  9 rats
64 creatures vanquished.

Vanquished Creatures (collateral kills)
  An orc wizard (D:3)
1 creature vanquished.

Grand Total: 65 creatures vanquished

Notes
Turn   | Place    | Note
-------+----------+-------------------------------------------
     0 | D:1      | pokeman the Deep Elf Hedge Wizard began the quest for the
                  | Orb.
     0 | D:1      | Reached XP level 1. HP: 10/10 MP: 7/7
   222 | D:1      | Reached XP level 2. HP: 15/15 MP: 7/9
   973 | D:2      | Noticed Sigmund
  1007 | D:2      | Reached skill level 5 in Spellcasting
  1007 | D:2      | Reached XP level 3. HP: 20/20 MP: 3/11
  1011 | D:2      | Learned a level 3 spell: Mephitic Cloud
  1014 | D:2      | Learned a level 2 spell: Call Imp
  1017 | D:2      | Learned a level 2 spell: Blink
  1021 | D:2      | Learned a level 3 spell: Conjure Flame
  1133 | D:2      | Killed Sigmund
  1134 | D:2      | Reached skill level 1 in Fighting
  1134 | D:2      | Reached skill level 1 in Armour
  1134 | D:2      | Reached skill level 6 in Spellcasting
  1134 | D:2      | Reached XP level 4. HP: 21/25 MP: 7/14
  1134 | D:2      | Reached XP level 5. HP: 24/29 MP: 7/15
  1202 | D:2      | Found a faded altar of an unknown god.
  1720 | D:2      | Found a shadowy altar of Dithmenos.
  1760 | D:2      | Found a hide-covered altar of Uskayaw.
  1761 | D:2      | Noticed a +0 hand axe
  1762 | D:2      | Noticed a +0 dagger
  2556 | D:3      | Reached XP level 6. HP: 26/35 MP: 9/17
  3395 | D:3      | Reached skill level 7 in Spellcasting
  3442 | D:3      | Killed from afar by an orc wizard

Illustrated notes

Levels and vault maps discovered:
D:1:      dpeg_arrival_oval, layout_rooms, minmay_misc_feat_tiny,
          minmay_crystal_room, hangedman_decor_push
D:2:      layout_basic, nicolae_dithmenos_through_a_glass_darkly,
          dancing_weapons_uskayaw, chequers_ecumenical_altar_simple,
          uniq_sigmund
D:3:      minmay_razor_zed, layout_basic, gammafunk_temple_overflow_forgotten

Skill      XL: |  1  2  3  4  5  6 |
---------------+-------------------+-----
Spellcasting   | 5 6 7 |  7.1
Fighting       | 1 2 |  2.0
Armour         | 1 2 |  2.0
Conjurations   | 2 3 |  3.3
Dodging        | |  2.7
Stealth        | |  2.4
Summonings     | |  1.1
Translocations | |  1.1
Fire Magic     | |  0.6

Action                   |  1- 3 |  4- 6 || total
-------------------------+-------+-------++-------
Melee: Dagger            |     3 |       ||     3
       Scythe            |       |    15 ||    15
 Cast: Magic Dart        |    52 |    89 ||   141
       Mephitic Cloud    |     1 |     6 ||     7
       Conjure Flame     |     1 |       ||     1
       Call Imp          |       |     3 ||     3
Armor: Robe              |     2 |     3 ||     5
       Leather armour    |       |     5 ||     5
Dodge: Dodged            |     4 |    28 ||    32
